cohdb
Replays
Latest Replays
All Replays
Popular Replays
Top Player Replays
Match Explorer
How It Works
Community
CoH3 Stats
Reddit
Sign in to upload your games and track your stats! →
Sign in with Steam
Match 40012349
Unlisted
Match 40012349
Overview
Messages
Build Orders
End
Kradschützen Motorcycle Team
Selects Panzerjäger Kommand Battlegroup
Selects Panzerjäger Kommand Battlegroup
Selects Mine Fields
250 Light Carrier
Panzergrenadier Squad
Construct Light Support Kompanie
Selects GrB 39 Grenade Launcher Requisition
Panzerjäger Squad
250 Light Carrier
MG34 Team
Panzerjäger Mechanized Group
2.5-tonne Medical Truck
MG34 Team
Selects Defensive Positions
Assault Grenadier Squad
Assault Grenadier Squad
2.5-tonne Medical Truck
Selects Butterfly Bomb Drop
Butterfly Bomb Drop
2.5-tonne Medical Truck
Butterfly Bomb Drop
Assault Mechanized Group
Butterfly Bomb Drop
Construct Mechanized Kompanie
Selects Crew Shock Tactics
Selects Anti-tank Overwatch
Crew Shock Tactics
2.5-tonne Medical Truck
Popcorn
Brucaccio
Ilias Kreuz
CPU - VERY EASY
0
0
Comments
sign in to comment!
No comments posted yet!